AoeStats
← Erick14mar

Arena

509816191Analyzed
3v3 RM · 5d ago on Sep 28, 2026· 40m 58s· 6 players
Game mode
Random Map
Map size
Normal (6 player)
Population
200
Speed
Normal
Resources
Standard
Victory
Conquest
Starting age
Dark Age
Ending age
Imperial Age
RankedLock teamsTeams togetherTeam positionsShared explorationLock speedFull tech treeHidden civsTurbo modeCheats
Victory
Defeat
🇺🇸 Khitans · United States
1390
+14
🇵🇪 Ethiopians · Peru
1346
+16
🇺🇸 Burmese · United States
1345
+16
🇲🇽 Jurchens · Mexico
1410
-18
🇻🇳 Persians · Vietnam
1345
-15
🇺🇸 Malay · United States
1279
-13
DEMLOUDBOYZ
10:55 Feudal Age
15:04 Castle Age
12:53 Horse Collar
13:29 Gold Mining
16:47 Gold Shaft Mining
17:47 Fervor
18:00 Sanctity
19:33 Redemption
22:04 Wheelbarrow
25:12 Scale Barding Armor
26:09 Husbandry
26:24 Forging
28:18 Stone Mining
29:10 Hand Cart
31:51 Imperial Age
29:28 Heavy Plow
29:16 Treadmill Crane
30:09 Chain Barding Armor
30:28 Iron Casting
32:07 Chain Barding Armor
32:00 Scale Mail Armor
33:26 Plate Barding Armor
33:51 Blast Furnace
32:56 Elite Battle Elephant
33:47 Loom
34:25 Bloodlines
35:15 Block Printing
35:37 Theocracy
35:28 Illumination
35:37 Conscription
35:53 Howdah
35:54 Manipur Cavalry
36:37 Crop Rotation
37:11 Chemistry
38:53 Coinage
40:45 Town Watch
Cain2point0
10:46 Feudal Age
12:07 Double-Bit Axe
14:55 Castle Age
13:26 Gold Mining
13:20 Domestication
15:58 Bow Saw
20:07 Scale Mail Armor
28:04 Squires
28:50 Chain Mail Armor
28:46 Forging
30:18 Wheelbarrow
29:57 Stone Mining
33:29 Imperial Age
30:54 Loom
31:43 Hand Cart
32:06 Gambesons
32:07 Arson
34:40 Iron Casting
34:54 Plate Mail Armor
33:46 Capped Ram
33:51 Elite Fire Lancer
34:15 Pikeman
36:13 Two-Man Saw
35:24 Siege Ram
37:27 Conscription
37:15 Ordo Cavalry
37:17 Lamellar Armor
37:09 Fletching
38:21 Town Watch
38:50 Siege Engineers
39:14 Town Patrol
40:29 Murder Holes
40:46 Masonry
40:57 Ballistics
40:17 Treadmill Crane
41:38 Chemistry
Erick14mar
8:52 Feudal Age
7:29 Loom
9:13 Loom
12:53 Fletching
14:28 Horse Collar
24:35 Gold Mining
25:36 Scale Barding Armor
26:28 Forging
32:00 Castle Age
33:34 Bodkin Arrow
34:06 Royal Heirs
35:17 Heavy Plow
38:02 Imperial Age
37:08 Padded Archer Armor
37:28 Chain Barding Armor
37:00 Double-Bit Axe
37:58 Gold Shaft Mining
37:52 Bow Saw
37:34 Crossbowman
38:46 Thumb Ring
40:09 Chemistry
39:43 Bracer
39:44 Scale Mail Armor
39:59 Leather Archer Armor
39:39 Town Watch
40:10 Arbalester
41:27 Leather Archer Armor
dog w sunglasses
11:10 Feudal Age
13:53 Wheelbarrow
13:07 Loom
13:57 Wheelbarrow
15:09 Fletching
20:12 Castle Age
28:59 Double-Bit Axe
31:58 Scale Barding Armor
31:45 Horse Collar
32:40 Heavy Plow
33:11 Forging
37:39 Imperial Age
35:31 Husbandry
35:51 Bow Saw
36:48 Forging
37:34 Hand Cart
36:51 Pikeman
37:32 Squires
38:27 Gold Mining
40:11 Iron Casting
40:49 Halberdier
Avatar Tako
11:17 Feudal Age
14:59 Castle Age
12:51 Double-Bit Axe
12:48 Horse Collar
16:03 Bow Saw
17:11 Heavy Plow
21:27 Wheelbarrow
21:02 Loom
21:30 Fletching
22:51 Hand Cart
33:00 Town Watch
35:10 Fortified Wall
35:17 Masonry
35:25 Town Watch
36:18 Devotion
38:46 Treadmill Crane
42:02 Imperial Age
40:12 Siege Engineers
40:32 Padded Archer Armor
41:08 Ballistics
VN_BILL
10:26 Feudal Age
14:21 Castle Age
12:21 Double-Bit Axe
13:01 Horse Collar
15:52 Bow Saw
22:10 Forging
22:37 Wheelbarrow
22:34 Scale Barding Armor
23:24 Bloodlines
22:49 Light Cavalry
23:29 Husbandry
24:22 Chain Barding Armor
25:23 Iron Casting
26:54 Heavy Plow
27:07 Fletching
29:19 Coinage
29:29 Hand Cart
34:29 Imperial Age
31:47 Loom
32:39 Bodkin Arrow
32:45 Padded Archer Armor
34:40 Leather Archer Armor
34:14 Cavalier
35:31 Plate Barding Armor
35:57 Blast Furnace
35:58 Two-Man Saw
35:00 Gold Mining
36:14 Ring Archer Armor
36:55 Chemistry
36:16 Ballistics
36:31 Savar
40:32 Banking
Connection lost

Rejoining the realm…

Still unreachable

The connection could not be restored.

Session expired

The server has moved on; the page needs a fresh start.